Devils vs Predators

Created - January 8, 2025 at 19:21

Goals
1 2 3 T
Devils 0 1 1 2
Predators 2 1 1 4
Shots
1 2 3 T
Devils 9 3 12 24
Predators 8 7 15 30

1st period

1. Predators , Reilly Smith 9 (Andy Miele 10, Alexander Ovechkin 11) at 10:28
2. Predators , Claude Giroux 11 (Marc Staal 2, Andreas Englund 2) at 18:57

Penalties :
Cam Fowler (N.J) for Boarding (Minor) at 4:10, Nicolas Kerdiles (Nas) for Interference (Minor) at 13:19

2nd period

3. Predators , Claude Giroux 12 (Andy Miele 11) at 1:44
4. Devils , Tyler Ennis 13 (Nazem Kadri 17) at 15:47

Penalties :
Justin Faulk (Nas) for Slashing (Minor) at 2:03, Mark Pysyk (Nas) for Tripping (Minor) at 12:37

3rd period

5. Devils , Nick Palmieri 7 (Nazem Kadri 18, Tyler Ennis 27) at 9:19
6. Predators , John Moore 3 (Travis Dermott 17, Jaden Schwartz 20) at 10:16 (PP)

Penalties :
Elvis Merzlikins (N.J) for Slashing (Minor) at 5:25 - Kristopher Letang served the penalty, Eric Tangradi (N.J) for Delaying the game (Minor) at 10:10, Kristopher Letang (N.J) for Slashing (Minor) at 13:22

Goalie Stats

Elvis Merzlikins (N.J), 26 saves from 30 shots - (0.867), L, 1-3-0, 60:00 minutes
Andrei Vasilevskiy (Nas), 22 saves from 24 shots - (0.917), W, 14-5-1, 60:00 minutes

Players Stats for Devils

Player Name              G  A  P  +/- PIM S  H  SB GA TA FO     MP     PP MP  PK MP  
------------------------------------------------------------------------------------
Anton Lander             0  0  0  -1  0   3  0  1  0  0  2/5     9:12   0:00   1:30 
Brayden Point            0  0  0  -1  0   1  6  0  1  1  3/6    16:23   2:48   0:00 
Cam Fowler               0  0  0   0  2   2  2  4  0  1  0/0    23:42   3:46   2:19 
Damon Severson           0  0  0   0  0   2  0  0  0  0  0/0    22:45   3:46   3:23 
Eric Tangradi            0  0  0  -1  2   1  0  0  1  0  0/0     9:29   0:00   1:21 
Jonathan Huberdeau       0  0  0  -1  0   2  1  0  0  1  0/1    16:24   2:48   0:00 
Kristopher Letang        0  0  0  -1  2   1  1  2  0  0  0/0    21:53   2:11   1:16 
Logan Shaw               0  0  0  -1  0   3  0  0  0  0  0/1    15:31   0:00   1:30 
Matt Donovan             0  0  0   0  0   0  3  2  2  0  0/0    16:59   0:00   2:33 
Michael Del Zotto        0  0  0  -1  0   1  0  1  0  0  0/0    19:00   2:11   0:35 
Nail Yakupov             0  0  0  -1  0   0  1  0  0  0  0/0     7:38   0:00   0:00 
Nazem Kadri              0  2  2   2  0   1  1  0  0  0  12/24  17:45   3:09   0:00 
Nick Palmieri            1  0  1   2  0   1  1  1  0  1  0/0    18:12   0:48   3:12 
Ondrej Kase              0  0  0  -1  0   1  1  0  0  1  1/1    15:47   2:17   1:21 
Sam Bennett              0  0  0  -1  0   1  2  0  0  1  5/13   17:40   2:52   3:12 
Sven Baertschi           0  0  0  -1  0   0  1  0  0  1  0/0    11:07   0:00   0:00 
Thomas Hickey            0  0  0   0  0   0  0  2  0  0  0/0    16:42   0:00   2:00 
Tyler Ennis              1  1  2   2  0   4  3  0  2  0  0/1    17:45   3:09   0:00 

Players Stats for Predators

Player Name              G  A  P  +/- PIM S  H  SB GA TA FO     MP     PP MP  PK MP  
------------------------------------------------------------------------------------
Alexander Ovechkin       0  1  1   0  0   1  2  2  0  0  0/0    17:08   2:47   1:42 
Andreas Englund          0  1  1   2  0   0  0  0  0  0  0/0    15:54   0:00   3:11 
Andy Miele               0  2  2   3  0   0  1  1  1  0  7/10   14:59   0:00   2:59 
Claude Giroux            2  0  2   3  0   3  1  0  0  0  0/0    13:47   0:06   1:31 
Jack Eichel              0  0  0  -1  0   0  1  2  0  0  12/22  20:28   3:13   0:58 
Jaden Schwartz           0  1  1  -1  0   1  1  0  2  1  0/1    19:59   3:13   1:12 
Joel Armia               0  0  0  -1  0   3  1  0  0  0  0/0     7:43   0:00   0:00 
John Moore               1  0  1  -1  0   3  1  1  0  0  0/0    19:51   2:38   2:24 
Justin Faulk             0  0  0   0  2   3  1  2  1  1  0/0    26:04   3:25   2:10 
Marc Staal               0  1  1   2  0   0  1  0  0  0  0/0    14:15   0:00   0:36 
Mark Pysyk               0  0  0   0  2   2  0  0  1  0  0/0    16:29   2:47   2:04 
Markus Granlund          0  0  0  -1  0   2  0  0  0  0  3/7     7:40   0:00   0:03 
Mikael Granlund          0  0  0  -1  0   2  0  0  0  1  2/4    18:49   3:13   0:00 
Nicolas Kerdiles         0  0  0  -1  2   5  2  0  0  0  0/0     9:53   0:00   1:25 
Reilly Smith             1  0  1   3  0   1  2  0  1  0  0/0    12:13   0:03   0:00 
Ryan Mcdonagh            0  0  0   0  0   0  1  2  0  2  0/0    26:28   3:25   3:33 
Scott Laughton           0  0  0   0  0   1  4  0  0  0  5/8    14:25   2:47   0:00 
Travis Dermott           0  1  1  -1  0   3  4  0  1  1  0/0    17:55   2:38   0:00 

3 Stars

1 - Claude Giroux (Nas)
2 - Reilly Smith (Nas)
3 - Tyler Ennis (N.J)

Power Play

Devils - 0 on 3 Attempt(s) - 0.00%
Predators - 1 on 4 Attempt(s) - 25.00%

Penalty Kill

Devils - 3 on 4 Attempt(s) - 75.00% - Score 0 goal in Penalty Kill
Predators - 3 on 3 Attempt(s) - 100.00% - Score 0 goal in Penalty Kill

Team Stat

Devils - Hits : 23 - Faceoff Wins : 23 - Blocked Shots : 13 - Penalty Minutes : 8
Predators - Hits : 23 - Faceoff Wins : 29 - Blocked Shots : 10 - Penalty Minutes : 6

Official

Referees : Beaudry Halkidis and Graham Skilliter
Linesman : Greg Devorski and Brian Mach

Game Notes

No Game Note

Finance

Level 1 -- Attendance: 5813 (96.88%) -- Ticket Income $581,300
Level 2 -- Attendance: 5000 (100.00%) -- Ticket Income $350,000
Level 3 -- Attendance: 2000 (100.00%) -- Ticket Income $80,000
Level 4 -- Attendance: 4000 (100.00%) -- Ticket Income $120,000
Luxury Box -- Attendance: 960 (96.00%) -- Ticket Income $192,000
Game was played at the Bridgestone arena.
Total Attendance: 17773 (98.74%)
Total Ticket Income: $1,323,300
Other Income: $198,495
Total Income: $1,521,795

Devils

5 vs 5 Forward 
   Center                   Left Wing                Right Wing               Time % Phy DF OF 
 1 Nazem Kadri              Tyler Ennis              Nick Palmieri            35     0   2  3  
 2 Brayden Point            Jonathan Huberdeau       Logan Shaw               30     0   2  3  
 3 Sam Bennett              Sven Baertschi           Ondrej Kase              25     0   2  3  
 4 Anton Lander             Eric Tangradi            Nail Yakupov             10     0   2  3  

5 vs 5 Defense 
   Defense                  Defense                                           Time % Phy DF OF 
 1 Cam Fowler               Kristopher Letang                                 36     1   3  1  
 2 Matt Donovan             Thomas Hickey                                     32     1   3  1  
 3 Michael Del Zotto        Damon Severson                                    32     1   3  1  
 4 Cam Fowler               Damon Severson                                    0      1   3  1  

PowerPlay Forward 
   Center                   Left Wing                Right Wing               Time % Phy DF OF 
 1 Nazem Kadri              Tyler Ennis              Sam Bennett              55     0   0  5  
 2 Brayden Point            Jonathan Huberdeau       Ondrej Kase              45     0   0  5  

PowerPlay Defense
   Defense                  Defense                                           Time % Phy DF OF 
 1 Cam Fowler               Damon Severson                                    55     0   2  3  
 2 Michael Del Zotto        Kristopher Letang                                 45     0   2  3  

Penalty Kill 4 Players Forward 
   Center                   Wing                     Time % Phy DF OF 
 1 Sam Bennett              Nick Palmieri            60     1   3  1  
 2 Anton Lander             Logan Shaw               40     1   3  1  

Penalty Kill 4 Players Defense
   Defense                  Defense                  Time % Phy DF OF 
 1 Cam Fowler               Kristopher Letang        60     1   4  0  
 2 Thomas Hickey            Matt Donovan             40     1   4  0  

Penalty Kill - 3 Players Forward 
   Forward                                           Time % Phy DF OF 
 1 Nazem Kadri                                       60     0   4  1  
 2 Brayden Point                                     40     0   4  1  

Penalty Kill - 3 Players Defense
   Defense                  Defense                  Time % Phy DF OF 
 1 Cam Fowler               Kristopher Letang        60     1   4  0  
 2 Thomas Hickey            Matt Donovan             40     1   4  0  

4 vs 4 Forward 
   Center                   Wing                     Time % Phy DF OF 
 1 Nazem Kadri              Tyler Ennis              60     0   2  3  
 2 Brayden Point            Jonathan Huberdeau       40     0   2  3  

4 vs 4 Defense
   Defense                  Defense                  Time % Phy DF OF 
 1 Cam Fowler               Kristopher Letang        60     0   3  2  
 2 Michael Del Zotto        Damon Severson           40     0   3  2  

Last Minutes Offensive
   Center                   Left Wing                Right Wing               Defense                  Defense                  
   Nazem Kadri              Tyler Ennis              Brayden Point            Cam Fowler               Damon Severson           

Last Minutes Defensive
   Center                   Left Wing                Right Wing               Defense                  Defense                  
   Nazem Kadri              Tyler Ennis              Nick Palmieri            Cam Fowler               Kristopher Letang        

Goaltenders
Starting : Elvis Merzlikins         
Backup : Jonathan Quick           

Extra Forwards
Normal : Sam Bennett, Ondrej Kase, Logan Shaw - PP : Nick Palmieri, Ondrej Kase - PK : Ondrej Kase
Extra Defensemen
Normal : Kristopher Letang, Matt Donovan, Damon Severson - PP : Matt Donovan - PK : Kristopher Letang, Cam Fowler
Penalty Shots
Tyler Ennis, Nazem Kadri, Brayden Point, Ondrej Kase, Jonathan Huberdeau
Custom OT Lines Forwards
Tyler Ennis, Nazem Kadri, Jonathan Huberdeau, Brayden Point, Sam Bennett, Nick Palmieri, Logan Shaw, Nail Yakupov, Ondrej Kase, Sven Baertschi
Custom OT Lines Defensemen
Cam Fowler, Michael Del Zotto, Kristopher Letang, Matt Donovan, Thomas Hickey

Scratches
Darren Dietz (Healthy)

Predators

5 vs 5 Forward 
   Center                   Left Wing                Right Wing               Time % Phy DF OF 
 1 Jack Eichel              Jaden Schwartz           Mikael Granlund          40     1   2  2  
 2 Scott Laughton           Alexander Ovechkin       Mark Pysyk               30     1   2  2  
 3 Andy Miele               Claude Giroux            Reilly Smith             20     1   2  2  
 4 Markus Granlund          Nicolas Kerdiles         Joel Armia               10     1   2  2  

5 vs 5 Defense 
   Defense                  Defense                                           Time % Phy DF OF 
 1 Ryan Mcdonagh            Justin Faulk                                      40     1   2  2  
 2 John Moore               Travis Dermott                                    30     1   2  2  
 3 Andreas Englund          Marc Staal                                        20     1   2  2  
 4 Ryan Mcdonagh            Justin Faulk                                      10     1   3  1  

PowerPlay Forward 
   Center                   Left Wing                Right Wing               Time % Phy DF OF 
 1 Jack Eichel              Jaden Schwartz           Mikael Granlund          60     1   1  3  
 2 Scott Laughton           Alexander Ovechkin       Mark Pysyk               40     1   1  3  

PowerPlay Defense
   Defense                  Defense                                           Time % Phy DF OF 
 1 Ryan Mcdonagh            Justin Faulk                                      60     1   2  2  
 2 John Moore               Travis Dermott                                    40     1   2  2  

Penalty Kill 4 Players Forward 
   Center                   Wing                     Time % Phy DF OF 
 1 Andy Miele               Mark Pysyk               60     1   2  2  
 2 Claude Giroux            Jaden Schwartz           40     1   2  2  

Penalty Kill 4 Players Defense
   Defense                  Defense                  Time % Phy DF OF 
 1 Ryan Mcdonagh            Justin Faulk             60     1   3  1  
 2 John Moore               Andreas Englund          40     1   3  1  

Penalty Kill - 3 Players Forward 
   Forward                                           Time % Phy DF OF 
 1 Mark Pysyk                                        60     1   3  1  
 2 Claude Giroux                                     40     1   3  1  

Penalty Kill - 3 Players Defense
   Defense                  Defense                  Time % Phy DF OF 
 1 Ryan Mcdonagh            Justin Faulk             60     1   3  1  
 2 John Moore               Andreas Englund          40     1   3  1  

4 vs 4 Forward 
   Center                   Wing                     Time % Phy DF OF 
 1 Mikael Granlund          Alexander Ovechkin       60     1   2  2  
 2 Jack Eichel              Jaden Schwartz           40     1   2  2  

4 vs 4 Defense
   Defense                  Defense                  Time % Phy DF OF 
 1 Ryan Mcdonagh            Justin Faulk             60     1   2  2  
 2 John Moore               Travis Dermott           40     1   2  2  

Last Minutes Offensive
   Center                   Left Wing                Right Wing               Defense                  Defense                  
   Jack Eichel              Jaden Schwartz           Mikael Granlund          Ryan Mcdonagh            Justin Faulk             

Last Minutes Defensive
   Center                   Left Wing                Right Wing               Defense                  Defense                  
   Andy Miele               Claude Giroux            Mark Pysyk               Ryan Mcdonagh            John Moore               

Goaltenders
Starting : Andrei Vasilevskiy       
Backup : Kari Lehtonen            

Extra Forwards
Normal : Claude Giroux, Reilly Smith, Andy Miele - PP : Claude Giroux, Reilly Smith - PK : Nicolas Kerdiles
Extra Defensemen
Normal : Marc Staal, Travis Dermott, John Moore - PP : Marc Staal - PK : Andreas Englund, Ryan Mcdonagh
Penalty Shots
Alexander Ovechkin, Jack Eichel, Claude Giroux, Mikael Granlund, Jaden Schwartz
Custom OT Lines Forwards
Mikael Granlund, Jack Eichel, Alexander Ovechkin, Claude Giroux, Jaden Schwartz, Reilly Smith, Mark Pysyk, Andy Miele, Scott Laughton, Joel Armia
Custom OT Lines Defensemen
Ryan Mcdonagh, Justin Faulk, John Moore, Travis Dermott, Marc Staal

Scratches
Anton Gustafsson (Healthy), Morgan Rielly (Lower Body Injury)

% Time on Ice - Devils

Lines # - Real PCT - Wanted PCT - Time Play
Normal Forward
1 - 32% - 35% - 15:21
2 - 30% - 30% - 14:13
3 - 23% - 25% - 11:07
4 - 15% - 10% - 7:19
Normal Defense
1 - 36% - 36% - 17:27
2 - 31% - 32% - 14:59
3 - 32% - 32% - 15:22
4 - 0% - 0% - 0:12
PP Forward
1 - 53% - 55% - 3:09
2 - 47% - 45% - 2:48
PP Defense
1 - 63% - 55% - 3:46
2 - 37% - 45% - 2:11
PK Forward
1 - 75% - 60% - 4:33
2 - 25% - 40% - 1:30
PK Defense
1 - 67% - 60% - 4:04
2 - 33% - 40% - 1:59
PK3 Forward
1 - 0% - 60%
2 - 0% - 40%
PK3 Defense
1 - 0% - 60%
2 - 0% - 40%
44 Forward
1 - 0% - 60%
2 - 0% - 40%
44 Defense
1 - 0% - 60%
2 - 0% - 40%
Last Minute Offensive  - 0:00
Last Minute Defensive  - 0:00
Total
Forward - 60:00
Defense - 60:00

% Time on Ice - Predators

Lines # - Real PCT - Wanted PCT - Time Play
Normal Forward
1 - 36% - 40% - 17:17
2 - 24% - 30% - 11:38
3 - 24% - 20% - 11:28
4 - 16% - 10% - 7:37
Normal Defense
1 - 42% - 40% - 20:09
2 - 31% - 30% - 14:51
3 - 23% - 20% - 10:49
4 - 5% - 10% - 2:11
PP Forward
1 - 54% - 60% - 3:16
2 - 46% - 40% - 2:47
PP Defense
1 - 56% - 60% - 3:25
2 - 44% - 40% - 2:38
PK Forward
1 - 80% - 60% - 4:45
2 - 20% - 40% - 1:12
PK Defense
1 - 70% - 60% - 4:09
2 - 30% - 40% - 1:48
PK3 Forward
1 - 0% - 60%
2 - 0% - 40%
PK3 Defense
1 - 0% - 60%
2 - 0% - 40%
44 Forward
1 - 0% - 60%
2 - 0% - 40%
44 Defense
1 - 0% - 60%
2 - 0% - 40%
Last Minute Offensive  - 0:00
Last Minute Defensive  - 0:00
Total
Forward - 60:00
Defense - 60:00

Play-by-Play

1st period


0:01 of 1st period - Nazem Kadri wins face-off versus Mikael Granlund in neutral zone.
0:08 of 1st period - Wrist shot by Nazem Kadri.
0:08 of 1st period - Stopped by Andrei Vasilevskiy without a rebound.
0:09 of 1st period - Nazem Kadri wins face-off versus Jack Eichel in Predators zone.
0:30 of 1st period - Backhand shot by Tyler Ennis.
0:30 of 1st period - Stopped by Andrei Vasilevskiy with a rebound.
0:32 of 1st period - Slapshot by Kristopher Letang.
0:32 of 1st period - Deflect By Tyler Ennis.
0:32 of 1st period - Shot Blocked by Jack Eichel.
0:32 of 1st period - Puck is out of play.
0:33 of 1st period - Scott Laughton wins face-off versus Brayden Point in Predators zone.
0:40 of 1st period - Matt Donovan is hit by Alexander Ovechkin and loses puck.
1:07 of 1st period - Wrist shot by Andy Miele.
1:07 of 1st period - Shot Misses the Net.
1:21 of 1st period - Michael Del Zotto is hit by Travis Dermott and loses puck.
1:28 of 1st period - John Moore is hit by Nail Yakupov and loses puck.
2:21 of 1st period - Logan Shaw is hit by Marc Staal and loses puck.
2:30 of 1st period - Justin Faulk is hit by Brayden Point and loses puck.
3:27 of 1st period - Wrist shot by Scott Laughton.
3:27 of 1st period - Deflect By Mark Pysyk.
3:27 of 1st period - Shot Misses the Net.
3:27 of 1st period - Puck is out of play.
3:28 of 1st period - Scott Laughton wins face-off versus Sam Bennett in Devils zone.
3:55 of 1st period - Off-side.
3:56 of 1st period - Mikael Granlund wins face-off versus Jonathan Huberdeau in neutral zone.
4:05 of 1st period - Snap shot by Mikael Granlund.
4:05 of 1st period - Stopped by Elvis Merzlikins with a rebound.
4:10 of 1st period - Minor Penalty to Cam Fowler for Boarding.
4:11 of 1st period - Jack Eichel wins face-off versus Sam Bennett in Devils zone.
4:13 of 1st period - Snap shot by Jack Eichel.
4:13 of 1st period - Shot Misses the Net.
4:15 of 1st period - Slapshot by Justin Faulk.
4:15 of 1st period - Shot Misses the Net.
4:43 of 1st period - Slapshot by Anton Lander.
4:43 of 1st period - Stopped by Andrei Vasilevskiy with a rebound.
5:08 of 1st period - Mikael Granlund is hit by Sam Bennett and loses puck.
6:07 of 1st period - Ryan Mcdonagh is hit by Kristopher Letang and loses puck.
6:10 of 1st period - Penalty to Cam Fowler is over, Cam Fowler is back on ice.
6:24 of 1st period - Slapshot by Anton Lander.
6:24 of 1st period - Shot Misses the Net.
6:26 of 1st period - Snap shot by Anton Lander.
6:26 of 1st period - Stopped by Andrei Vasilevskiy without a rebound.
6:27 of 1st period - Andy Miele wins face-off versus Nazem Kadri in Predators zone.
6:49 of 1st period - Off-side.
6:50 of 1st period - Markus Granlund wins face-off versus Sam Bennett in neutral zone.
7:16 of 1st period - Thomas Hickey is hit by Reilly Smith and loses puck.
7:43 of 1st period - Jack Eichel is hit by Nick Palmieri.
7:59 of 1st period - Snap shot by Logan Shaw.
7:59 of 1st period - Stopped by Andrei Vasilevskiy without a rebound.
8:00 of 1st period - Scott Laughton wins face-off versus Brayden Point in Predators zone.
8:13 of 1st period - Wrist shot by Logan Shaw.
8:13 of 1st period - Shot Misses the Net.
9:21 of 1st period - Slapshot by Justin Faulk.
9:21 of 1st period - Stopped by Elvis Merzlikins with a rebound.
9:23 of 1st period - Slapshot by Justin Faulk.
9:23 of 1st period - Deflect By Markus Granlund.
9:23 of 1st period - Shot Blocked by Cam Fowler.
9:23 of 1st period - Puck is out of play.
9:24 of 1st period - Nazem Kadri wins face-off versus Jack Eichel in Devils zone.
9:35 of 1st period - Wrist shot by Nazem Kadri.
9:35 of 1st period - Shot Blocked by Jack Eichel.
9:37 of 1st period - Slapshot by Cam Fowler.
9:37 of 1st period - Stopped by Andrei Vasilevskiy without a rebound.
9:38 of 1st period - Jack Eichel wins face-off versus Nazem Kadri in Predators zone.
9:55 of 1st period - Ryan Mcdonagh is hit by Nazem Kadri and loses puck.
10:28 of 1st period - Snap shot by Andy Miele.
10:28 of 1st period - Deflect By Reilly Smith.
10:28 of 1st period - Goal by Reilly Smith - Devils : 0 - Predators : 1.
10:29 of 1st period - Jack Eichel wins face-off versus Nazem Kadri in neutral zone.
10:36 of 1st period - Snap shot by Jaden Schwartz.
10:36 of 1st period - Shot Hit the Post.
10:42 of 1st period - Slapshot by Jaden Schwartz.
10:42 of 1st period - Shot Misses the Net.
10:44 of 1st period - Slapshot by Travis Dermott.
10:44 of 1st period - Stopped by Elvis Merzlikins with a rebound.
10:46 of 1st period - Wrist shot by Jaden Schwartz.
10:46 of 1st period - Shot Misses the Net.
11:44 of 1st period - Snap shot by Nicolas Kerdiles.
11:44 of 1st period - Stopped by Elvis Merzlikins with a rebound.
11:46 of 1st period - Slapshot by John Moore.
11:46 of 1st period - Shot Blocked by Matt Donovan.
11:48 of 1st period - Slapshot by John Moore.
11:48 of 1st period - Stopped by Elvis Merzlikins without a rebound.
11:49 of 1st period - Nazem Kadri wins face-off versus Jack Eichel in Devils zone.
11:54 of 1st period - Slapshot by Kristopher Letang.
11:54 of 1st period - Stopped by Andrei Vasilevskiy with a rebound.
12:16 of 1st period - Logan Shaw is hit by Alexander Ovechkin and loses puck.
12:49 of 1st period - Claude Giroux is hit by Sam Bennett and loses puck.
12:57 of 1st period - Icing by Justin Faulk.
12:58 of 1st period - Markus Granlund wins face-off versus Anton Lander in Predators zone.
13:11 of 1st period - Snap shot by Anton Lander.
13:11 of 1st period - Shot Misses the Net.
13:13 of 1st period - Wrist shot by Thomas Hickey.
13:13 of 1st period - Shot Misses the Net.
13:19 of 1st period - Minor Penalty to Nicolas Kerdiles for Interference.
13:20 of 1st period - Andy Miele wins face-off versus Nazem Kadri in Predators zone.
13:33 of 1st period - Slapshot by Damon Severson.
13:33 of 1st period - Stopped by Andrei Vasilevskiy without a rebound.
13:34 of 1st period - Andy Miele wins face-off versus Nazem Kadri in Predators zone.
13:45 of 1st period - Backhand shot by Sam Bennett.
13:45 of 1st period - Shot Misses the Net.
13:47 of 1st period - Slapshot by Cam Fowler.
13:47 of 1st period - Stopped by Andrei Vasilevskiy with a rebound.
13:49 of 1st period - Snap shot by Nazem Kadri.
13:49 of 1st period - Shot Blocked by Justin Faulk.
13:51 of 1st period - Snap shot by Sam Bennett.
13:51 of 1st period - Shot Blocked by Ryan Mcdonagh.
15:19 of 1st period - Penalty to Nicolas Kerdiles is over, Nicolas Kerdiles is back on ice.
15:46 of 1st period - Snap shot by Justin Faulk.
15:46 of 1st period - Shot Blocked by Matt Donovan.
16:02 of 1st period - Slapshot by Nicolas Kerdiles.
16:02 of 1st period - Stopped by Elvis Merzlikins without a rebound.
16:03 of 1st period - Sam Bennett wins face-off versus Markus Granlund in Devils zone.
16:24 of 1st period - Snap shot by Mikael Granlund.
16:24 of 1st period - Shot Misses the Net.
16:56 of 1st period - Wrist shot by Logan Shaw.
16:56 of 1st period - Deflect By Jonathan Huberdeau.
16:56 of 1st period - Shot Misses the Net.
16:56 of 1st period - Puck is out of play.
16:57 of 1st period - Brayden Point wins face-off versus Andy Miele in Predators zone.
17:54 of 1st period - Jonathan Huberdeau is hit by Claude Giroux and loses puck.
18:49 of 1st period - Snap shot by Claude Giroux.
18:49 of 1st period - Shot Blocked by Kristopher Letang.
18:51 of 1st period - Slapshot by Marc Staal.
18:51 of 1st period - Shot Misses the Net.
18:53 of 1st period - Slapshot by Andreas Englund.
18:53 of 1st period - Shot Misses the Net.
18:55 of 1st period - Slapshot by Marc Staal.
18:55 of 1st period - Shot Misses the Net.
18:57 of 1st period - Slapshot by Claude Giroux.
18:57 of 1st period - Goal by Claude Giroux - Devils : 0 - Predators : 2.
18:58 of 1st period - Nazem Kadri wins face-off versus Jack Eichel in neutral zone.
19:13 of 1st period - Slapshot by Mikael Granlund.
19:13 of 1st period - Shot Misses the Net.
19:15 of 1st period - Slapshot by Ryan Mcdonagh.
19:15 of 1st period - Shot Misses the Net.
19:44 of 1st period - Off-side.
19:45 of 1st period - Anton Lander wins face-off versus Markus Granlund in neutral zone.
19:48 of 1st period - Slapshot by Eric Tangradi.
19:48 of 1st period - Shot Misses the Net.
Goals for this period are 0 for Devils vs 2 for Predators.
Shots for this period are 9 for Devils vs 8 for Predators.

2nd period


0:01 of 2nd period - Nazem Kadri wins face-off versus Mikael Granlund in neutral zone.
0:19 of 2nd period - Icing by Jaden Schwartz.
0:20 of 2nd period - Jack Eichel wins face-off versus Sam Bennett in Predators zone.
0:20 of 2nd period - Ryan Mcdonagh is hit by Sven Baertschi and loses puck.
0:51 of 2nd period - Tyler Ennis is hit by John Moore and loses puck.
1:38 of 2nd period - Wrist shot by Anton Lander.
1:38 of 2nd period - Shot Blocked by Andy Miele.
1:44 of 2nd period - Snap shot by Claude Giroux.
1:44 of 2nd period - Goal by Claude Giroux - Devils : 0 - Predators : 3.
1:45 of 2nd period - Jack Eichel wins face-off versus Nazem Kadri in neutral zone.
2:01 of 2nd period - Wrist shot by Nazem Kadri.
2:01 of 2nd period - Shot Blocked by Justin Faulk.
2:03 of 2nd period - Minor Penalty to Justin Faulk for Slashing.
2:04 of 2nd period - Andy Miele wins face-off versus Nazem Kadri in Predators zone.
2:04 of 2nd period - Andy Miele is hit by Tyler Ennis.
3:51 of 2nd period - Tyler Ennis is hit by Nicolas Kerdiles and loses puck.
4:03 of 2nd period - Penalty to Justin Faulk is over, Justin Faulk is back on ice.
4:36 of 2nd period - Snap shot by Mikael Granlund.
4:36 of 2nd period - Shot Blocked by Thomas Hickey.
5:21 of 2nd period - Sam Bennett is hit by Reilly Smith and loses puck.
6:15 of 2nd period - Snap shot by Andy Miele.
6:15 of 2nd period - Shot Misses the Net.
8:04 of 2nd period - Wrist shot by Logan Shaw.
8:04 of 2nd period - Shot Blocked by Alexander Ovechkin.
8:19 of 2nd period - Alexander Ovechkin is hit by Cam Fowler and loses puck.
9:57 of 2nd period - Tyler Ennis is hit by Jaden Schwartz and loses puck.
10:04 of 2nd period - Snap shot by Mikael Granlund.
10:04 of 2nd period - Stopped by Elvis Merzlikins with a rebound.
10:06 of 2nd period - Slapshot by Justin Faulk.
10:06 of 2nd period - Shot Blocked by Kristopher Letang.
10:10 of 2nd period - Snap shot by Jack Eichel.
10:10 of 2nd period - Shot Misses the Net.
10:26 of 2nd period - Snap shot by Jack Eichel.
10:26 of 2nd period - Shot Misses the Net.
10:40 of 2nd period - Snap shot by Mikael Granlund.
10:40 of 2nd period - Shot Misses the Net.
10:42 of 2nd period - Slapshot by Justin Faulk.
10:42 of 2nd period - Stopped by Elvis Merzlikins without a rebound.
10:43 of 2nd period - Sam Bennett wins face-off versus Andy Miele in Devils zone.
10:50 of 2nd period - Reilly Smith is hit by Matt Donovan and loses puck.
11:20 of 2nd period - Wrist shot by Nicolas Kerdiles.
11:20 of 2nd period - Stopped by Elvis Merzlikins with a rebound.
11:22 of 2nd period - Snap shot by Nicolas Kerdiles.
11:22 of 2nd period - Shot Misses the Net.
11:38 of 2nd period - Snap shot by Mark Pysyk.
11:38 of 2nd period - Shot Misses the Net.
12:06 of 2nd period - Off-side.
12:07 of 2nd period - Markus Granlund wins face-off versus Nazem Kadri in neutral zone.
12:12 of 2nd period - Snap shot by Nicolas Kerdiles.
12:12 of 2nd period - Stopped by Elvis Merzlikins with a rebound.
12:37 of 2nd period - Minor Penalty to Mark Pysyk for Tripping.
12:38 of 2nd period - Andy Miele wins face-off versus Nazem Kadri in Predators zone.
13:55 of 2nd period - Brayden Point is hit by Ryan Mcdonagh and loses puck.
14:22 of 2nd period - Brayden Point is hit by Nicolas Kerdiles and loses puck.
14:29 of 2nd period - Andreas Englund is hit by Jonathan Huberdeau and loses puck.
14:37 of 2nd period - Penalty to Mark Pysyk is over, Mark Pysyk is back on ice.
14:48 of 2nd period - Travis Dermott is hit by Tyler Ennis.
15:08 of 2nd period - Wrist shot by Eric Tangradi.
15:08 of 2nd period - Stopped by Andrei Vasilevskiy without a rebound.
15:09 of 2nd period - Anton Lander wins face-off versus Andy Miele in Predators zone.
15:41 of 2nd period - Ryan Mcdonagh is hit by Brayden Point and loses puck.
15:45 of 2nd period - Icing by Nicolas Kerdiles.
15:46 of 2nd period - Nazem Kadri wins face-off versus Markus Granlund in Predators zone.
15:47 of 2nd period - Wrist shot by Tyler Ennis.
15:47 of 2nd period - Goal by Tyler Ennis - Devils : 1 - Predators : 3.
15:48 of 2nd period - Nazem Kadri wins face-off versus Scott Laughton in neutral zone.
15:51 of 2nd period - Snap shot by Nick Palmieri.
15:51 of 2nd period - Shot Misses the Net.
16:19 of 2nd period - Mikael Granlund is hit by Brayden Point and loses puck.
16:38 of 2nd period - Sven Baertschi is hit by Andy Miele and loses puck.
17:39 of 2nd period - Slapshot by Nicolas Kerdiles.
17:39 of 2nd period - Stopped by Elvis Merzlikins with a rebound.
17:41 of 2nd period - Slapshot by Jack Eichel.
17:41 of 2nd period - Shot Blocked by Thomas Hickey.
18:23 of 2nd period - Nail Yakupov is hit by Travis Dermott and loses puck.
18:30 of 2nd period - Wrist shot by Scott Laughton.
18:30 of 2nd period - Shot Misses the Net.
18:34 of 2nd period - Snap shot by Scott Laughton.
18:34 of 2nd period - Shot Blocked by Anton Lander.
18:36 of 2nd period - Snap shot by Alexander Ovechkin.
18:36 of 2nd period - Stopped by Elvis Merzlikins with a rebound.
19:20 of 2nd period - Wrist shot by Jonathan Huberdeau.
19:20 of 2nd period - Stopped by Andrei Vasilevskiy with a rebound.
19:42 of 2nd period - Andreas Englund is hit by Ondrej Kase and loses puck.
Goals for this period are 1 for Devils vs 1 for Predators.
Shots for this period are 3 for Devils vs 7 for Predators.

3rd period


0:01 of 3rd period - Nazem Kadri wins face-off versus Jack Eichel in neutral zone.
1:13 of 3rd period - Snap shot by Joel Armia.
1:13 of 3rd period - Shot Blocked by Nick Palmieri.
1:15 of 3rd period - Slapshot by Justin Faulk.
1:15 of 3rd period - Shot Misses the Net.
1:19 of 3rd period - Slapshot by Joel Armia.
1:19 of 3rd period - Shot Blocked by Michael Del Zotto.
1:21 of 3rd period - Slapshot by Justin Faulk.
1:21 of 3rd period - Shot Hit the Post.
1:34 of 3rd period - Off-side.
1:35 of 3rd period - Brayden Point wins face-off versus Jack Eichel in neutral zone.
1:40 of 3rd period - Slapshot by Logan Shaw.
1:40 of 3rd period - Shot Misses the Net.
1:42 of 3rd period - Wrist shot by Jonathan Huberdeau.
1:42 of 3rd period - Shot Blocked by John Moore.
1:46 of 3rd period - Wrist shot by Jonathan Huberdeau.
1:46 of 3rd period - Stopped by Andrei Vasilevskiy without a rebound.
1:47 of 3rd period - Nazem Kadri wins face-off versus Jaden Schwartz in Predators zone.
2:25 of 3rd period - Wrist shot by Mark Pysyk.
2:25 of 3rd period - Shot Misses the Net.
2:58 of 3rd period - Icing by Joel Armia.
2:59 of 3rd period - Andy Miele wins face-off versus Nazem Kadri in Predators zone.
3:10 of 3rd period - Wrist shot by Nazem Kadri.
3:10 of 3rd period - Shot Misses the Net.
3:12 of 3rd period - Slapshot by Damon Severson.
3:12 of 3rd period - Stopped by Andrei Vasilevskiy without a rebound.
3:13 of 3rd period - Jack Eichel wins face-off versus Tyler Ennis in Predators zone.
3:18 of 3rd period - Snap shot by Nazem Kadri.
3:18 of 3rd period - Deflect By Tyler Ennis.
3:18 of 3rd period - Stopped by Andrei Vasilevskiy with a rebound.
3:47 of 3rd period - Brayden Point is hit by Travis Dermott and loses puck.
4:04 of 3rd period - Sam Bennett is hit by Joel Armia and loses puck.
4:18 of 3rd period - Off-side.
4:19 of 3rd period - Jack Eichel wins face-off versus Anton Lander in neutral zone.
4:31 of 3rd period - Off-side.
4:32 of 3rd period - Nazem Kadri wins face-off versus Jack Eichel in neutral zone.
4:37 of 3rd period - Snap shot by Tyler Ennis.
4:37 of 3rd period - Stopped by Andrei Vasilevskiy with a rebound.
5:01 of 3rd period - Snap shot by Brayden Point.
5:01 of 3rd period - Shot Misses the Net.
5:25 of 3rd period - Slapshot by Markus Granlund.
5:25 of 3rd period - Stopped by Elvis Merzlikins without a rebound.
5:25 of 3rd period - Minor Penalty to Elvis Merzlikins for Slashing.
5:26 of 3rd period - Sam Bennett wins face-off versus Jack Eichel in Devils zone.
5:37 of 3rd period - Slapshot by Justin Faulk.
5:37 of 3rd period - Stopped by Elvis Merzlikins with a rebound.
5:39 of 3rd period - Snap shot by Justin Faulk.
5:39 of 3rd period - Deflect By Mikael Granlund.
5:39 of 3rd period - Shot Hit the Post.
5:39 of 3rd period - Puck is out of play.
5:40 of 3rd period - Sam Bennett wins face-off versus Jack Eichel in Devils zone.
5:40 of 3rd period - Sam Bennett is hit by Justin Faulk.
5:54 of 3rd period - Jaden Schwartz is hit by Cam Fowler and loses puck.
6:07 of 3rd period - Slapshot by Mark Pysyk.
6:07 of 3rd period - Shot Misses the Net.
6:09 of 3rd period - Slapshot by Travis Dermott.
6:09 of 3rd period - Shot Misses the Net.
6:11 of 3rd period - Slapshot by Travis Dermott.
6:11 of 3rd period - Shot Blocked by Cam Fowler.
6:13 of 3rd period - Slapshot by Scott Laughton.
6:13 of 3rd period - Stopped by Elvis Merzlikins with a rebound.
6:15 of 3rd period - Slapshot by Travis Dermott.
6:15 of 3rd period - Stopped by Elvis Merzlikins with a rebound.
6:17 of 3rd period - Wrist shot by Mark Pysyk.
6:17 of 3rd period - Shot Misses the Net.
7:01 of 3rd period - Slapshot by Ondrej Kase.
7:01 of 3rd period - Stopped by Andrei Vasilevskiy without a rebound.
7:02 of 3rd period - Ondrej Kase wins face-off versus Scott Laughton in Predators zone.
7:09 of 3rd period - Snap shot by Eric Tangradi.
7:09 of 3rd period - Shot Misses the Net.
7:25 of 3rd period - Penalty to Kristopher Letang is over, Kristopher Letang is back on ice.
7:43 of 3rd period - Snap shot by Alexander Ovechkin.
7:43 of 3rd period - Shot Misses the Net.
8:03 of 3rd period - Snap shot by Scott Laughton.
8:03 of 3rd period - Shot Misses the Net.
8:05 of 3rd period - Slapshot by Ryan Mcdonagh.
8:05 of 3rd period - Shot Misses the Net.
8:09 of 3rd period - Snap shot by Mark Pysyk.
8:09 of 3rd period - Stopped by Elvis Merzlikins without a rebound.
8:10 of 3rd period - Nazem Kadri wins face-off versus Jack Eichel in Devils zone.
8:10 of 3rd period - Nazem Kadri is hit by Travis Dermott.
8:16 of 3rd period - Slapshot by Michael Del Zotto.
8:16 of 3rd period - Stopped by Andrei Vasilevskiy with a rebound.
8:18 of 3rd period - Wrist shot by Nick Palmieri.
8:18 of 3rd period - Deflect By Tyler Ennis.
8:18 of 3rd period - Shot Misses the Net.
8:18 of 3rd period - Puck is out of play.
8:19 of 3rd period - Mikael Granlund wins face-off versus Nazem Kadri in Predators zone.
8:19 of 3rd period - Mikael Granlund is hit by Tyler Ennis.
9:05 of 3rd period - Snap shot by Mikael Granlund.
9:05 of 3rd period - Shot Misses the Net.
9:19 of 3rd period - Snap shot by Nick Palmieri.
9:19 of 3rd period - Goal by Nick Palmieri - Devils : 2 - Predators : 3.
9:20 of 3rd period - Brayden Point wins face-off versus Scott Laughton in neutral zone.
9:35 of 3rd period - Snap shot by Jonathan Huberdeau.
9:35 of 3rd period - Shot Misses the Net.
9:37 of 3rd period - Snap shot by Kristopher Letang.
9:37 of 3rd period - Shot Blocked by Alexander Ovechkin.
10:08 of 3rd period - Snap shot by Joel Armia.
10:08 of 3rd period - Stopped by Elvis Merzlikins with a rebound.
10:10 of 3rd period - Minor Penalty to Eric Tangradi for Delaying the game.
10:11 of 3rd period - Jack Eichel wins face-off versus Sam Bennett in Devils zone.
10:12 of 3rd period - Slapshot by Jaden Schwartz.
10:12 of 3rd period - Shot Blocked by Cam Fowler.
10:14 of 3rd period - Slapshot by Travis Dermott.
10:14 of 3rd period - Shot Blocked by Cam Fowler.
10:16 of 3rd period - Slapshot by John Moore.
10:16 of 3rd period - Deflect By Nick Palmieri.
10:16 of 3rd period - Goal by John Moore - Devils : 2 - Predators : 4.
10:17 of 3rd period - Jack Eichel wins face-off versus Logan Shaw in neutral zone.
10:19 of 3rd period - Justin Faulk is hit by Brayden Point and loses puck.
10:34 of 3rd period - Snap shot by Logan Shaw.
10:34 of 3rd period - Stopped by Andrei Vasilevskiy with a rebound.
10:44 of 3rd period - Nazem Kadri is hit by Scott Laughton and loses puck.
10:55 of 3rd period - Wrist shot by Mark Pysyk.
10:55 of 3rd period - Stopped by Elvis Merzlikins with a rebound.
11:26 of 3rd period - Slapshot by John Moore.
11:26 of 3rd period - Stopped by Elvis Merzlikins with a rebound.
11:28 of 3rd period - Wrist shot by Joel Armia.
11:28 of 3rd period - Stopped by Elvis Merzlikins with a rebound.
11:30 of 3rd period - Slapshot by John Moore.
11:30 of 3rd period - Shot Misses the Net.
11:32 of 3rd period - Slapshot by Travis Dermott.
11:32 of 3rd period - Stopped by Elvis Merzlikins with a rebound.
11:34 of 3rd period - Slapshot by Markus Granlund.
11:34 of 3rd period - Stopped by Elvis Merzlikins with a rebound.
11:36 of 3rd period - Snap shot by Joel Armia.
11:36 of 3rd period - Stopped by Elvis Merzlikins without a rebound.
11:37 of 3rd period - Jack Eichel wins face-off versus Brayden Point in Devils zone.
11:46 of 3rd period - Snap shot by Brayden Point.
11:46 of 3rd period - Stopped by Andrei Vasilevskiy with a rebound.
11:48 of 3rd period - Snap shot by Logan Shaw.
11:48 of 3rd period - Stopped by Andrei Vasilevskiy without a rebound.
11:49 of 3rd period - Jack Eichel wins face-off versus Nazem Kadri in Predators zone.
12:04 of 3rd period - Snap shot by Nazem Kadri.
12:04 of 3rd period - Shot Misses the Net.
12:18 of 3rd period - Damon Severson is hit by Scott Laughton and loses puck.
12:35 of 3rd period - Claude Giroux is hit by Brayden Point and loses puck.
12:54 of 3rd period - Wrist shot by Sam Bennett.
12:54 of 3rd period - Stopped by Andrei Vasilevskiy without a rebound.
12:55 of 3rd period - Sam Bennett wins face-off versus Markus Granlund in Predators zone.
13:20 of 3rd period - Slapshot by Jaden Schwartz.
13:20 of 3rd period - Stopped by Elvis Merzlikins with a rebound.
13:22 of 3rd period - Minor Penalty to Kristopher Letang for Slashing.
13:23 of 3rd period - Jack Eichel wins face-off versus Sam Bennett in Devils zone.
13:49 of 3rd period - Damon Severson is hit by Scott Laughton and loses puck.
14:18 of 3rd period - Matt Donovan is hit by Scott Laughton and loses puck.
15:22 of 3rd period - Penalty to Kristopher Letang is over, Kristopher Letang is back on ice.
16:01 of 3rd period - Icing by Eric Tangradi.
16:02 of 3rd period - Scott Laughton wins face-off versus Anton Lander in Devils zone.
16:03 of 3rd period - Snap shot by Mark Pysyk.
16:03 of 3rd period - Deflect By Claude Giroux.
16:03 of 3rd period - Stopped by Elvis Merzlikins with a rebound.
16:11 of 3rd period - Wrist shot by Anton Lander.
16:11 of 3rd period - Stopped by Andrei Vasilevskiy without a rebound.
16:12 of 3rd period - Andy Miele wins face-off versus Sam Bennett in Predators zone.
16:37 of 3rd period - Ryan Mcdonagh is hit by Matt Donovan and loses puck.
16:42 of 3rd period - Snap shot by Nazem Kadri.
16:42 of 3rd period - Shot Blocked by Ryan Mcdonagh.
17:37 of 3rd period - Wrist shot by Claude Giroux.
17:37 of 3rd period - Shot Misses the Net.
17:46 of 3rd period - Icing by Matt Donovan.
17:47 of 3rd period - Scott Laughton wins face-off versus Sam Bennett in Devils zone.
18:22 of 3rd period - Andy Miele is hit by Matt Donovan and loses puck.
18:53 of 3rd period - Scott Laughton is hit by Brayden Point and loses puck.
19:06 of 3rd period - Damon Severson is hit by Jack Eichel and loses puck.
19:23 of 3rd period - Snap shot by Jaden Schwartz.
19:23 of 3rd period - Shot Misses the Net.
Goals for this period are 1 for Devils vs 1 for Predators.
Shots for this period are 12 for Devils vs 15 for Predators.